 Seeded DCSS version 0.31-a0-133-gaae73658be (webtiles) character file.

Game seed: 8444064637143102904 (custom seed)

83 Pimp the Chopper (level 4, -2/41 HPs)
             Began as a Hill Orc Monk on June 2, 2023.
             Slain by a gnoll
             ... wielding a +0 whip
              (3 damage)
             ... on level 3 of the Dungeon.
             The game lasted 00:03:29 (1654 turns).

Pimp the Chopper (Hill Orc Monk)                    Turns: 1654, Time: 00:03:30

Health: -2/41      AC:  4    Str: 15    XL:     4   Next: 44%
Magic:  4/4        EV: 13    Int: 10    God:
Gold:   88         SH:  0    Dex: 13    Spells: 3/3 levels left

rFire   . . .        a - +0 hand axe
rCold   . . .        d - orb {light}
rNeg    . . .        b - +0 robe
rPois   .            (no helmet)
rElec   .            (no cloak)
rCorr   .            k - +1 pair of gloves
SInv    .            (no boots)
Will    .....        (no amulet)
Stlth   +            (no ring)
HPRegen 0.26/turn    (no ring)
MPRegen 0.09/turn

%: no passive effects
@: confused, ambrosia-drunk, glowing
A: no striking features
a: no special abilities


You were on level 3 of the Dungeon.
You visited 1 branch of the dungeon, and saw 3 of its levels.

You collected 88 gold pieces.

Inventory:

Hand Weapons
 a - a +0 hand axe (weapon)
Armour
 b - a +0 robe (worn)
 d - an orb of light (worn)
 k - a +1 pair of gloves (worn)
 p - a +0 buckler
Jewellery
 q - an amulet of faith
Scrolls
 e - a scroll of magic mapping {unknown}
 f - a scroll of noise {unknown}
 i - 2 scrolls of blinking {unknown}
 j - 2 scrolls of brand weapon {unknown}
 l - 2 scrolls of identify {unknown}
 n - a scroll of butterflies {unknown}
 o - a scroll of fog {unknown}
Potions
 g - a potion of mutation {unknown}
 m - a potion of heal wounds {unknown}


   Skills:
 + Level 4.6 Fighting
 + Level 5.0 Axes
 + Level 3.1 Dodging


You had 3 spell levels left.
You didn't know any spells.
Your spell library contained the following spells:

 Spells                   Type           Power      Damage    Failure   Level
 Lesser Beckoning         Tloc           0%         N/A       50%         2
 Gell's Gravitas          Tloc           0%         N/A       75%         3
 Teleport Other           Tloc           0%         N/A       75%         3
 Dispersal                Tloc           0%         N/A       100%        6
 Chain Lightning          Conj/Air       0%         N/A       100%        9
 Fire Storm               Conj/Fire      0%         5d1       100%        9
 Shatter                  Erth           0%         3d5*      100%        9


Dungeon Overview and Level Annotations

Branches:
Dungeon (3/15)

Altars:

Annotations:
D:1 2 transporters


Message History

The gnoll shouts! x3; You hear a shout!
A gnoll comes into view. It is wielding a +0 flail.
You hear an angry hiss.
There are monsters nearby!
There are monsters nearby!
The gnoll barely misses you.
There is an open door here.
You hit the gnoll.
The gnoll is lightly wounded.
You hit the gnoll. The gnoll hits you with a +0 flail.
The gnoll barely misses you. x2
You hit the gnoll.
The gnoll is moderately wounded.
You hit the gnoll. You hit the gnoll but do no damage.
The gnoll hits you from afar with a +0 spear.
The gnoll closely misses you. The gnoll barely misses you.
The gnoll hits you with a +0 club!
You hit the gnoll.
The gnoll is severely wounded.
You barely miss the gnoll. You hit the gnoll.
The gnoll hits you from afar with a +0 spear.
The gnoll hits you with a +0 flail. The gnoll completely misses you.
The gnoll hits you with a +0 whip.
* * * LOW HITPOINT WARNING * * *
You hit the gnoll but do no damage.
The gnoll is lightly wounded.
The gnoll closely misses you. The gnoll barely misses you.
You hit the gnoll.
The gnoll is heavily wounded.
You hit the gnoll but do no damage.
A ball python comes into view.
The gnoll hits you but does no damage. The gnoll hits you with a +0 flail.
* * * LOW HITPOINT WARNING * * *
The gnoll hits you from afar with a +0 spear!
* * * LOW HITPOINT WARNING * * *
You are confused.
You feel invigorated. The gnoll hits you with a +0 flail.
* * * LOW HITPOINT WARNING * * *
The gnoll hits you with a +0 whip.
You die...

#...# #...#
#...#
#...#######
#........<#
###.......#
##......#
#......###
#####..@g#
####g#
#...g..#
#......#
#........
#....###S.
#....# ##..
#....# .
#....#


You could see 3 gnolls and a ball python.

Vanquished Creatures
  3 adders (D:2)
  A worm (D:2)
  3 dart slugs
  5 endoplasms
  4 giant cockroaches
  9 goblins
  3 hobgoblins
  2 kobolds
  A quokka (D:1)
  2 ball pythons
  4 bats
  4 frilled lizards
  4 rats
45 creatures vanquished.

Notes
Turn   | Place    | Note
-------+----------+-------------------------------------------
     0 | D:1      | Pimp the Hill Orc Monk began the quest for the Orb.
     0 | D:1      | Reached XP level 1. HP: 19/19 MP: 1/1
   117 | D:1      | Reached XP level 2. HP: 27/27 MP: 2/2
   400 | D:1      | Reached XP level 3. HP: 31/33 MP: 3/3
  1054 | D:2      | Reached XP level 4. HP: 27/41 MP: 4/4
  1178 | D:2      | Reached skill level 5 in Axes
  1466 | D:3      | Found a faded altar of an unknown god.
  1653 | D:3      | HP: 1/41 [gnoll/+0 spear (7)]
  1654 | D:3      | Slain by a gnoll

Illustrated notes

Levels and vault maps discovered:
D:1:      spicycebolla_arrival_transporter_tutorial, layout_basic,
          hex_intersection, minmay_cut_off
D:2:      layout_loops_corners
D:3:      kennysheep_slugbush, layout_basic, basic_ecumenical_altar, uniq_ijyb

Skill      XL: |  1  2  3  4 |
---------------+-------------+-----
Fighting       | 4 |  4.6
Dodging        | 3 |  3.1
Axes           | 5 |  5.0

Action                     |  1- 3 |  4- 6 || total
---------------------------+-------+-------++-------
  Melee: Hand axe          |    92 |    48 ||   140
    Use: Scroll            |       |     1 ||     1
         Potion            |       |     1 ||     1
   Stab: Sleeping          |     1 |       ||     1
 Armour: Robe              |    25 |    20 ||    45
  Dodge: Dodged            |    57 |    41 ||    98

Table legend: (Time is in decaauts)
 A = Elapsed time spent in this place.
 B = Non-inter-level travel time spent in this place.
 C = Inter-level travel time spent in this place.
 D = Time resting spent in this place.
 E = Time spent auto-exploring this place.
 F = Levels seen in this place.
 G = Mean time per level.
                   A        B        C        D        E       F      G
               +--------+--------+--------+--------+--------+-----+--------+
         Total |   1662 |   1637 |     25 |      0 |   1226 |   3 |  554.0 |
       Dungeon |   1662 |   1637 |     25 |      0 |   1226 |   3 |  554.0 |
               +--------+--------+--------+--------+--------+-----+--------+

Top non-repeatable levels by time:
     D:2: 915 daAuts
     D:1: 555 daAuts
     D:3: 191 daAuts
